 Dungeon Crawl Stone Soup version 0.29.1-14-g9c671dbff4 (webtiles) character file.

Game seed: 1568370399452589935

73 BeingJoeMalik the Cudgeller (level 4, -2/28 HPs)
             Began as a Gargoyle Fighter on Feb 12, 2023.
             Killed by divine providence
             ... invoked by an orc priest
              (14 damage)
             ... on level 3 of the Dungeon.
             The game lasted 00:03:07 (1720 turns).

BeingJoeMalik the Cudgeller (Gargoyle Fighter)      Turns: 1720, Time: 00:03:07

Health: -2/28      AC: 14    Str: 20    XL:     4   Next: 27%
Magic:  4/4        EV:  9    Int: 10    God:
Gold:   102        SH:  4    Dex:  9    Spells: 3/3 levels left

rFire   . . .      SeeInvis .   o - +1 flail (protect)
rCold   . . .      Faith    .   c - +0 buckler
rNeg    + . .      Spirit   .   b - +0 scale mail
rPois   ∞          Reflect  .   (no helmet)
rElec   +          Harm     .   (no cloak)
rCorr   .          Rampage  .   (no gloves)
Will    .....                   (no boots)
Stlth   ..........              (no amulet)
HPRegen 0.09/turn               f - +4 ring of protection
MPRegen 0.09/turn               (no ring)

@: mighty
A: sickness immunity, AC +3, negative energy resistance 1, electricity
resistance, torment resistance 1, petrification resistance
a: no special abilities


You were on level 3 of the Dungeon.
You visited 1 branch of the dungeon, and saw 3 of its levels.

You collected 102 gold pieces.

Inventory:

Hand Weapons
 a - a +0 flail
 o - a +1 flail of protection (weapon)
Armour
 b - a +0 scale mail (worn)
 c - a +0 buckler (worn)
Jewellery
 f - a +4 ring of protection (left hand)
Wands
 t - a wand of charming (15)
Scrolls
 e - 3 scrolls of identify {unknown}
 j - a scroll of immolation {unknown}
 k - 2 scrolls of noise {unknown}
 l - a scroll of magic mapping {unknown}
 m - a scroll of blinking {unknown}
 q - a scroll of butterflies {unknown}
 s - a scroll of silence {unknown}
Potions
 d - a potion of might
 g - a potion of curing {unknown}
 h - 2 potions of degeneration {unknown}
 i - 2 potions of flight {unknown}
 n - a potion of invisibility {unknown}
 p - a potion of attraction {unknown}
 r - 2 potions of berserk rage {unknown}


   Skills:
 - Level 3.2 Fighting
 + Level 4.4 Maces & Flails
 - Level 3.2 Armour
 - Level 3.2 Shields


You had 3 spell levels left.
You didn't know any spells.
Your spell library contained the following spells:

 Spells                   Type           Power      Damage    Failure   Level
 Beastly Appendage        Tmut           0%         N/A       80%         1
 Wereblood                Tmut           0%         N/A       91%         2
 Spider Form              Tmut/Pois      0%         N/A       99%         3


Dungeon Overview and Level Annotations

Branches:
Dungeon (3/15)

Altars:


Innate Abilities, Weirdness & Mutations

You are immune to sickness and miasma.
Your stone body is resilient. (AC +3)
You are immune to poison.
You resist negative energy. (rN+)
You are resistant to electric shocks. (rElec)
You are resistant to unholy torment.
You are immune to petrification.


Message History

There is an open door here.
You see here a +0 scale mail.
You open the door.
There is an open door here.
Found a stone staircase leading up.
A dart slug comes into view.
The dart slug launches a dart at you.
The slug dart hits you but does no damage.
The dart slug launches a dart at you. The slug dart hits you.
You thump the dart slug!
Your weapon exudes an aura of protection.
You kill the dart slug!
You see here a dart slug corpse.
You open the door.
There is an open door here.
Done exploring.
Done exploring.
There is a stone staircase leading down here.
You climb downwards.
Found a coppery potion.
There is a stone staircase leading up here.
h - 2 coppery potions (gained 1)
An orc, an orc priest and a frilled lizard come into view.
The orc shouts!
The orc priest shouts!
The frilled lizard hisses angrily.
You start waiting.
An orc priest is nearby!
The orc priest invokes the aid of Beogh against you.
Beogh smites you!
Ouch! That really hurt!
You hear a shout! x2
You are too injured to fight recklessly!
You feel very mighty all of a sudden.
The orc priest hits you but does no damage.
Unknown command.
You barely miss the orc priest.
The orc priest calls down the wrath of Beogh upon you.
Beogh smites you!
Ouch! That really hurt!
You die...

#......<....#.#
########..#...#
#...#..##
##......####
#####..........
#..........####
..#####....###
...#####.....#
........@.#..#
....#####o#..#
. #l...#
.......o.......
..o............
...............
.o~l.~.~...~.~.
~≈~~~~~~~~~~~~~
≈≈≈≈≈≈≈≈≈~≈≈~~≈


You could see an orc priest, an orc and a frilled lizard.

Vanquished Creatures
  An adder (D:2)
  2 worms (D:2)
  5 dart slugs
  2 ball pythons (D:2)
  5 bats
  5 endoplasms
  6 giant cockroaches
  3 goblins
  3 hobgoblins
  5 kobolds
  A quokka (D:1)
  4 frilled lizards
  6 rats
48 creatures vanquished.

Notes
Turn   | Place    | Note
-------+----------+-------------------------------------------
     0 | D:1      | BeingJoeMalik the Gargoyle Fighter began the quest for the
                  | Orb.
     0 | D:1      | Reached XP level 1. HP: 14/14 MP: 1/1
   264 | D:1      | Reached XP level 2. HP: 19/19 MP: 2/2
   333 | D:1      | Reached skill level 3 in Maces & Flails
   471 | D:1      | Reached XP level 3. HP: 23/23 MP: 3/3
   917 | D:2      | Reached skill level 4 in Maces & Flails
  1060 | D:2      | Reached XP level 4. HP: 28/28 MP: 4/4
  1720 | D:3      | Killed from afar by an orc priest

Illustrated notes

Levels and vault maps discovered:
D:1:      dpeg_arrival_concentric_ovals, layout_rooms, chequers_arboretum
D:2:      minmay_chambers_of_ones, layout_basic
D:3:      minmay_goblin_kobold_castle, layout_rooms, amcnicky_altar_gilded,
          basic_ecumenical_altar

Skill      XL: |  1  2  3 |
---------------+----------+-----
Maces & Flails | 3 4 |  4.4
Fighting       | |  3.2
Armour         | |  3.2
Shields        | |  3.2

Action                   |  1- 3 |  4- 6 || total
-------------------------+-------+-------++-------
Melee: Flail             |   122 |    24 ||   146
  Use: Potion            |       |     1 ||     1
Armor: Scale mail        |    70 |    12 ||    82
Dodge: Dodged            |    56 |     6 ||    62
Block: Buckler           |    29 |     2 ||    31
